 Dungeon Crawl Stone Soup version 0.19-a0-1068-g99dd0f4 (webtiles) character file.

29267 Charly the Basher (level 13, -2/119 HPs)
             Began as a Minotaur Fighter on Aug 4, 2016.
             Was a High Priest of Cheibriados.
             Slain by an eight-headed hydra (12 damage)
             ... on level 4 of the Swamp on Aug 5, 2016.
             The game lasted 00:57:37 (2982 turns).

Charly the Basher (Minotaur Fighter)                Turns: 2982, Time: 00:57:38

Health: -2/119     AC: 20    Str: 40    XL:     13   Next: 14%
Magic:  14/17      EV: 20    Int: 19    God:    Cheibriados [*****.]
Gold:   529        SH:  0    Dex: 27    Spells: 0 memorised, 12 levels left

rFire  . . .     SeeInvis .     a - +8 dire flail (crush)
rCold  + . .     Gourm    .     i - +4 chain mail {rC+}
rNeg   . . .     Faith    .     (shield currently unavailable)
rPois  +         Spirit   .     (helmet restricted)
rElec  .         Dismiss  .     E - +1 cloak
rCorr  .         Reflect  .     (no gloves)
SustAt .         Harm     .     q - +0 pair of boots
MR     .....                    x - amulet of regeneration
Stlth  ..........               j - +3 ring of strength
                                p - ring of poison resistance

@: very slow
A: retaliatory headbutt, horns 2
a: Bend Time, Temporal Distortion, Slouch, Step From Time, Renounce Religion


You were on level 4 of the Swamp.
You worshipped Cheibriados.
Cheibriados was extremely pleased with you.
You were not hungry.

You visited 4 branches of the dungeon, and saw 24 of its levels.

You collected 529 gold pieces.

Inventory:

Hand Weapons
 a - a +8 dire flail of crushing (weapon)
 b - a +0 blowgun
 w - a +0 dagger of distortion
 z - the cursed +0 hand axe "Killer Klown's Death" {drain, rN+, unknown}
   (You found it on level 9 of the Dungeon)

   A truly terrible weapon, it drains the life of those it strikes.
   It protects you from negative energy.
   It has a curse placed upon it.
Missiles
 y - 5 curare-tipped needles
Armour
 c - a +0 shield
 i - a +4 chain mail of cold resistance (worn)
 q - a +0 pair of boots (worn)
 E - a +1 cloak (worn)
Jewellery
 f - an uncursed ring of protection from fire
 h - an uncursed ring of sustain attributes
 j - a +3 ring of strength (right hand)
 p - a ring of poison resistance (left hand)
 x - an amulet of regeneration (around neck)
 C - an uncursed ring of resist corrosion
 F - an uncursed amulet of rage {unknown}
Wands
 A - a wand of lightning (11/15)
Scrolls
 d - 2 scrolls of immolation
 e - a scroll of enchant armour
 g - 2 scrolls of magic mapping
 D - 2 scrolls of recharging
Potions
 m - a potion of agility {unknown}
 n - a potion of heal wounds {unknown}
 r - a potion of invisibility
 s - a potion of brilliance {unknown}
 t - 2 potions of curing {unknown}
 u - a potion of cancellation
 B - 2 potions of magic {unknown}
 G - a potion of berserk rage {unknown}
 H - a potion of flight {unknown}
Comestibles
 k - 4 bread rations
 o - 2 meat rations
 v - 9 royal jellies


   Skills:
 + Level 12.7 Fighting
 - Level 14.0 Maces & Flails
 + Level 12.3 Armour
 + Level 11.0 Dodging
 - Level 3.6 Shields
 + Level 7.4 Invocations


You had 12 spell levels left.
You didn't know any spells.

Dungeon Overview and Level Annotations

Branches:
Dungeon (12/15)            Temple (0/1) D:5            Lair (6/6) D:10
  Swamp (4/4) Lair:2        Snake (0/4) Lair:4        Slime (0/5) Lair:5
    Orc (2/2) D:11
    Elf: Orc:2

Altars:
Ashenzari
Cheibriados
Fedhas
Nemelex Xobeh
Pakellas
Qazlal
Jiyva

Annotations:
D:8 exclusion: upstairs
Lair:2 exclusion: oklob plant
Lair:5 1 runed door, exclusion: oklob plant


Innate Abilities, Weirdness & Mutations

You reflexively headbutt those who attack you in melee.
You have a pair of horns on your head.


Message History

* * * LOW HITPOINT WARNING * * *
The eight-headed hydra closely misses you. x2
The eight-headed hydra barely misses you.
The eight-headed hydra bites you but does no damage.
Unknown command.
You puncture the eight-headed hydra! You headbutt the eight-headed hydra!
The eight-headed hydra is severely wounded.
Unknown command.
You hit the eight-headed hydra. You headbutt the eight-headed hydra.
The eight-headed hydra is severely wounded.
The eight-headed hydra bites you.
* * * LOW HITPOINT WARNING * * *
The eight-headed hydra barely misses you.
The eight-headed hydra bites you but does no damage.
The eight-headed hydra bites you!
* * * LOW HITPOINT WARNING * * *
The eight-headed hydra bites you!
* * * LOW HITPOINT WARNING * * *
The eight-headed hydra bites you!
You die...

.. ♣♣♣♣♣♣♣♣
♣..♣♣♣w..≈..♣♣
§....D.§≈..(.♣♣♣
≈≈≈≈.Dk.≈≈.§≈≈≈♣♣♣♣♣
.≈≈D≈...≈§wk≈≈≈≈..≈♣♣ ♣≈
≈≈≈k≈≈≈≈†..≈≈≈.§≈§≈≈♣≈≈≈
≈≈≈≈≈≈.≈≈≈≈≈≈.§§§≈≈.≈≈≈.
≈≈≈≈≈≈.≈≈≈≈≈≈≈§§§§.≈♣?
≈≈≈≈≈≈≈≈≈≈≈≈≈≈§D@≈♣♣♣
≈≈≈≈≈≈≈≈≈≈≈♣≈§≈†≈≈♣
≈...≈≈≈...♣♣♣♣♣..≈♣
..≈≈..≈♣♣♣♣ ♣≈≈♣♣♣
♣≈≈≈.. ♣♣..♣♣ ≈≈ ♣♣♣♣≈≈♣
≈§≈♣.≈♣..♣ ≈.≈..≈≈..♣
≈≈♣♣.≈≈.≈♣♣♣♣


You could see an eight-headed hydra, a swamp worm and a swamp drake.

Vanquished Creatures
  3 hydras
  The ghost of braks the Fighter, a novice OgWz (D:7)
  2 alligators
  A tengu warrior (D:11)
  Sonja (D:11)
  An unseen horror (D:11)
  A swamp dragon (Swamp:4)
  2 shambling mangroves (Swamp:4)
  A hill giant (D:11)
  An ugly thing (D:12)
  5 elephants (Lair:4)
  3 black mambas
  A rime drake (Lair:1)
  A centaur skeleton (D:11)
  2 komodo dragons
  9 spiny frogs
  A two-headed ogre (D:8)
  A troll (D:10)
  3 giant leeches
  4 bog bodies
  9 blink frogs
  2 slime creatures (Swamp:1)
  2 shadows
  11 yaks
  A wyvern (Lair:5)
  2 hungry ghosts
  7 vampire mosquitoes
  7 nagas (Lair:4)
  A soldier ant (Lair:5)
  Edmund (D:5)
  9 swamp worms
  2 wargs
  8 water moccasins
  An orc warrior (D:12)
  A swamp drake (Swamp:2)
  3 ice beasts
  4 ogres
  2 phantoms
  A black bear (D:10)
  3 wasps (Swamp:4)
  3 wolves (D:10)
  A centaur (D:9)
  3 crocodiles
  A big kobold (D:11)
  6 giant frogs
  2 scorpions
  12 killer bees
  9 wights
  2 howler monkeys
  5 electric eels
  3 crimson imps
  A giant frog zombie (D:11)
  A wasp zombie (D:11)
  2 centaur zombies
  4 jellies
  A gnoll shaman (D:5)
  6 orc priests
  3 hounds
  10 orc wizards
  4 iguanas
  4 worker ants
  Terence (D:3)
  5 sheep (Lair:2)
  2 gnolls (D:5)
  6 adders
  10 river rats
  5 oozes (D:9)
  An adder skeleton (D:10)
  A worm (D:2)
  A dart slug (D:3)
  2 giant geckos
  28 orcs
  3 bats
  2 giant cockroaches (D:2)
  3 goblins
  A hobgoblin (D:11)
  3 jackals (D:10)
  4 kobolds
  3 quokkas
  A giant newt (D:2)
  A quokka skeleton (D:8)
  A rat (D:2)
288 creatures vanquished.

Vanquished Creatures (others)
  2 fungi
  2 plants (Lair:5)
4 creatures vanquished.

Grand Total: 292 creatures vanquished

Notes
Turn   | Place    | Note
-------+----------+-------------------------------------------
     0 | D:1      | Charly the Minotaur Fighter began the quest for the Orb.
     0 | D:1      | Reached XP level 1. HP: 19/19 MP: 0/0
   101 | D:2      | Reached skill level 3 in Maces & Flails
   101 | D:2      | Reached XP level 2. HP: 21/26 MP: 1/1
   105 | D:2      | Reached skill level 4 in Maces & Flails
   212 | D:2      | Reached XP level 3. HP: 25/31 MP: 2/2
   243 | D:3      | Noticed Terence
   251 | D:3      | Killed Terence
   251 | D:3      | Reached skill level 5 in Maces & Flails
   318 | D:2      | Found a shattered altar of Ashenzari.
   319 | D:2      | Found a snail-covered altar of Cheibriados.
   321 | D:2      | Found a sparkling altar of Nemelex Xobeh.
   328 | D:2      | Became a worshipper of Cheibriados the Contemplative
   387 | D:3      | Reached XP level 4. HP: 39/39 MP: 3/3
   448 | D:5      | Entered Level 5 of the Dungeon
   465 | D:5      | Reached skill level 6 in Maces & Flails
   465 | D:5      | Reached XP level 5. HP: 40/45 MP: 4/4
   478 | D:5      | Noticed an ogre
   486 | D:5      | Killed an ogre
   486 | D:5      | Reached skill level 7 in Maces & Flails
   490 | D:5      | Noticed Edmund
   497 | D:5      | Killed Edmund
   497 | D:5      | Reached skill level 8 in Maces & Flails
   497 | D:5      | Reached XP level 6. HP: 4/51 MP: 5/5
   521 | D:5      | Found a staircase to the Ecumenical Temple.
   645 | D:6      | Reached skill level 1 in Dodging
   688 | D:7      | Noticed braks's ghost (novice OgWz)
   689 | D:7      | Reached XP level 7. HP: 48/60 MP: 6/6
   789 | D:8      | Reached * piety under Cheibriados
   792 | D:8      | Reached skill level 5 in Fighting
   892 | D:7      | Found a blossoming altar of Fedhas.
   893 | D:7      | Found an oddly glowing altar of Pakellas.
   900 | D:7      | Reached skill level 9 in Maces & Flails
   900 | D:7      | Reached skill level 5 in Armour
   948 | D:7      | Killed braks's ghost
   948 | D:7      | Reached XP level 8. HP: 39/70 MP: 7/7
  1080 | D:8      | Reached skill level 5 in Dodging
  1084 | D:8      | Reached skill level 10 in Maces & Flails
  1084 | D:8      | Reached XP level 9. HP: 54/79 MP: 8/8
  1093 | D:8      | Reached ** piety under Cheibriados
  1161 | D:8      | Found a stormy altar of Qazlal.
  1275 | D:9      | Reached *** piety under Cheibriados
  1309 | D:10     | Entered Level 10 of the Dungeon
  1373 | D:9      | Got a brightly glowing hand axe
  1454 | D:11     | Reached **** piety under Cheibriados
  1457 | D:11     | Reached skill level 11 in Maces & Flails
  1466 | D:11     | Noticed a tengu warrior
  1469 | D:11     | Reached skill level 1 in Invocations
  1469 | D:11     | Reached XP level 10. HP: 90/90 MP: 8/10
  1471 | D:11     | Charly: ??crushing
  1471 | D:11     | beem: vorpal[1/3]: A weapon brand which increases weapon damage by 16.7% on average.
  1471 | D:11     | Charly: ??freezing
  1471 | D:11     | beem: freezing[1/1]: Increases damage by (on average) 25% against non-cold-resistant monsters, or 37.5% on vulnerable monsters. Also slows {cold blooded} monsters. Still increases damage by 12.5% against monsters with rC+.
  1476 | D:11     | Killed a tengu warrior
  1483 | D:12     | Noticed a white ugly thing
  1491 | D:12     | Killed a white ugly thing
  1507 | D:11     | Noticed Sonja
  1508 | D:11     | Noticed a hill giant
  1509 | D:11     | Noticed a manticore
  1516 | D:12     | Reached skill level 12 in Maces & Flails
  1543 | D:11     | Killed Sonja
  1543 | D:11     | Reached skill level 5 in Invocations
  1609 | D:11     | Killed a hill giant
  1632 | D:11     | 16/15
  1642 | D:11     | Killed an unseen horror
  1642 | D:11     | Reached XP level 11. HP: 94/97 MP: 13/13
  1659 | D:11     | 18/15
  1675 | D:11     | Found a staircase to the Orcish Mines.
  1684 | Orc:1    | Entered Level 1 of the Orcish Mines
  1748 | Orc:2    | Entered Level 2 of the Orcish Mines
  1858 | D:10     | Found a staircase to the Lair.
  1904 | Lair:1   | Entered Level 1 of the Lair of Beasts
  1908 | Lair:1   | Reached skill level 13 in Maces & Flails
  2057 | Lair:2   | Reached skill level 10 in Fighting
  2120 | Lair:4   | Reached skill level 10 in Armour
  2176 | Lair:4   | Reached ***** piety under Cheibriados
  2267 | Lair:4   | Found a staircase to the Snake Pit.
  2289 | Lair:4   | Reached XP level 12. HP: 97/110 MP: 14/14
  2299 | Lair:4   | Reached skill level 14 in Maces & Flails
  2453 | Lair:5   | Noticed a six-headed hydra
  2457 | Lair:5   | Killed a six-headed hydra
  2473 | Lair:5   | Found a runed door.
  2473 | Lair:5   | Found a viscous altar of Jiyva.
  2473 | Lair:5   | Found a staircase to the Slime Pits.
  2473 | Lair:5   | Noticed an azure jelly
  2473 | Lair:5   | Noticed an azure jelly
  2493 | Lair:6   | Entered Level 6 of the Lair of Beasts
  2510 | Lair:5   | Noticed an entropy weaver
  2512 | Lair:5   | Noticed an entropy weaver
  2595 | Lair:2   | Reached skill level 10 in Dodging
  2684 | Lair:2   | Found a staircase to the Swamp.
  2693 | Swamp:1  | Entered Level 1 of the Swamp
  2701 | Swamp:1  | Noticed an alligator
  2720 | Swamp:2  | Noticed an eight-headed hydra
  2725 | Swamp:2  | Killed an eight-headed hydra
  2727 | Swamp:2  | Noticed an alligator
  2738 | Swamp:2  | Killed an alligator
  2804 | Swamp:3  | Noticed a six-headed hydra
  2809 | Swamp:3  | Killed a six-headed hydra
  2816 | Swamp:3  | 20/20
  2819 | Swamp:3  | Noticed an alligator
  2823 | Swamp:3  | Killed an alligator
  2845 | Swamp:4  | Entered Level 4 of the Swamp
  2869 | Swamp:4  | Reached XP level 13. HP: 82/119 MP: 17/17
  2937 | Swamp:4  | Reached ****** piety under Cheibriados
  2982 | Swamp:4  | Slain by an eight-headed hydra

Vault maps used:
D:1:      shiori_arrival_oz
D:2:      minitemple, nicolae_overflow_hidden_temple, minmay_hexomino_u4
D:3:      uniq_terence
D:4:      elyvilon_altar_4, first_bread, fedhas_altar_3, uniq_grinder,
          uniq_eustachio
D:5:      okawaru_metal_pillars_1_2, grunt_temple_overflow_open, serial_shops,
          shop, grunt_dithmenos_shadows, uniq_sigmund, uniq_edmund
D:6:      tgw_xom
D:7:      gammafunk_temple_overflow_pools, uniq_pikel
D:8:      kennysheep_mini_moat
D:9:      basic_altar, hangedman_little_slice_of_home, uniq_prince_ribbit1
D:10:     erik_lair_island, uniq_urug
D:11:     erik_orc_3, uniq_erolcha, uniq_gastronok, uniq_sonja
D:12:     uniq_maurice
Lair:1:   grunt_forest_large_clearings, lemuel_fruit_fields
Lair:2:   kb_forest_paths, nicolae_swamp_entry_splash_gauntlet,
          hangedman_lair_generics_rect
Lair:3:   uniq_rupert
Lair:4:   minmay_snake_entry_guardpost_large
Lair:5:   slime_altar_2, st_stairs_6, wad_woods_antlair, grunt_megastairs_4,
          infiniplex_staircase_pool_2, serial_bayou_shore_b,
          serial_bayou_shore_b, serial_bayou_shore_b
Lair:6:   due_jungle_book, nicolae_lair_grove_arrangements, st_stairs_10
Swamp:1:  evilmike_swamp_ruin_house_4, swamp_pool2
Swamp:2:  hangedman_swamp_ruin_hall
Swamp:3:  evilmike_swamp_ruin_house_1
Swamp:4:  swamp_alternative, swamp_pool4, grunt_ruined_hall,
          infiniplex_staircase_pool
Orc:1:    nicolae_orc_accident_1
Orc:2:    st_orc_open

Skill      XL: |  1  2  3  4  5  6  7  8  9 10 11 12 13 |
---------------+----------------------------------------+-----
Maces & Flails | 3 4 5 6 8 9 10 11 12 13 14 | 14.0
Fighting       | 4 6 7 8 9 11 12 | 12.7
Dodging        | 1 4 5 6 7 9 10 11 | 11.0
Armour         | 4 6 8 10 12 | 12.3
Invocations    | 1 5 7 |  7.4
Shields        | |  3.6

Action                   |  1- 3 |  4- 6 |  7- 9 | 10-12 | 13-15 || total
-------------------------+-------+-------+-------+-------+-------++-------
Melee: Flail             |    53 |    31 |       |       |       ||    84
       Headbutt          |     6 |    11 |    26 |    83 |    17 ||   143
       Dire flail        |       |    17 |   147 |   298 |    37 ||   499
 Fire: Blowgun           |       |       |       |     8 |       ||     8
Invok: Slouch            |       |       |       |     5 |       ||     5
       Step From Time    |       |       |       |     1 |       ||     1
       Temporal Distorti |       |       |       |       |     1 ||     1
  Use: Potion            |       |     1 |       |       |       ||     1
       Scroll            |       |       |       |    15 |     1 ||    16
  Eat: Fruit             |     2 |       |     2 |       |       ||     4
       Pizza             |     3 |       |       |     1 |       ||     4
       Beef jerky        |       |       |     1 |     1 |       ||     2
       Royal jelly       |       |       |       |     1 |       ||     1
Armor: Scale mail        |    29 |       |       |       |       ||    29
       Chain mail        |     3 |     9 |    66 |   120 |    20 ||   218
Dodge: Dodged            |    15 |     9 |    75 |   273 |    57 ||   429
Block: Shield            |    30 |    13 |       |       |       ||    43
